 Dungeon Crawl Stone Soup version 0.31.0-11-ge490571c62 (webtiles) character file.

Game seed: 13786072292464212725

63 mopl the Trooper (level 3, 0/29 HPs)
             Began as a Demonspawn Fighter on Jan 29, 2024.
             Slain by a gnoll
             ... wielding a +0 spear
              (3 damage)
             ... on level 2 of the Dungeon.
             The game lasted 00:01:19 (1247 turns).

mopl the Trooper (Demonspawn Fighter)               Turns: 1247, Time: 00:01:20

Health: 0/29       AC:  9    Str: 18    XL:     3   Next: 87%
Magic:  3/3        EV:  9    Int:  8    God:
Gold:   78         SH:  4    Dex: 12    Spells: 2/2 levels left

rFire   . . .        a - +0 war axe
rCold   . . .        c - +0 buckler
rNeg    . . .        b - +0 scale mail
rPois   .            (no helmet)
rElec   .            (no cloak)
rCorr   .            n - +2 pair of gloves {Stlth+}
SInv    .            (no boots)
Will    .....        o - amulet of the acrobat
Stlth   +            (no ring)
HPRegen 0.24/turn    (no ring)
MPRegen 0.08/turn

%: acrobat
@: no status effects
A: hooves 1
a: no special abilities


You were on level 2 of the Dungeon.
You visited 1 branch of the dungeon, and saw 2 of its levels.

You collected 78 gold pieces.

Inventory:

Hand Weapons
 a - a +0 war axe (weapon)
Missiles
 f - 3 boomerangs (quivered)
Armour
 b - a +0 scale mail (worn)
 c - a +0 buckler (worn)
 n - a +2 pair of gloves of stealth (worn)
Jewellery
 o - an amulet of the acrobat (around neck)
Scrolls
 e - a scroll of amnesia {unknown}
 g - a scroll of revelation {unknown}
 h - a scroll of blinking {unknown}
 i - 2 scrolls of fog {unknown}
 k - a scroll of teleportation {unknown}
 l - a scroll of torment {unknown}
 m - 2 scrolls of identify {unknown}
Potions
 d - a potion of might
 j - a potion of heal wounds {unknown}


   Skills:
 + Level 3.4 Fighting
 * Level 2.7 Axes
 + Level 3.1 Armour
 + Level 1.2 Dodging
 - Level 2.6 Shields


You had 2 spell levels left.
You didn't know any spells.
Your spell library contained the following spells:

 Spells                   Type           Power      Damage    Failure   Level
 Kiss of Death            Conj/Necr      0%         2d5       87%         1
 Confusing Touch          Hex            0%         N/A       99%         3
 Dispel Undead            Necr           0%         3d6       100%        4


Dungeon Overview and Level Annotations

Branches:
Dungeon (2/15)

Altars:


Innate Abilities, Weirdness & Mutations

You have large cloven feet.


Message History

You closely miss the adder. Your kick misses the adder.
The adder is heavily wounded.
The adder bites you.
You are poisoned.
The adder poisons you! You block the adder's attack.
You closely miss the adder.
The adder is heavily wounded.
You feel sick.
The adder bites you but does no damage. x2
You closely miss the adder. Your kick misses the adder.
The adder is heavily wounded.
You feel sick.
The adder bites you but does no damage. x2
You barely miss the adder. Your kick misses the adder.
The adder is heavily wounded.
You feel sick. The adder closely misses you.
You barely miss the adder. Your kick misses the adder.
The adder is heavily wounded.
You feel sick. You block the adder's attack. x2
You miss the adder. You kick the adder.
The adder is severely wounded.
You feel sick.
You are no longer poisoned.
You block the adder's attack. The adder barely misses you.
You closely miss the adder. You kick the adder.
You kill the adder!
The rat twitches its whiskers.
The gnoll hits you but does no damage.
You barely miss the gnoll. You kick the gnoll.
The gnoll is lightly wounded.
The gnoll hits you from afar with a +0 spear.
The gnoll hits you with a +0 club.
You slash the gnoll!
The gnoll is severely wounded.
The gnoll closely misses you. The gnoll hits you with a +0 club.
* * * LOW HITPOINT WARNING * * *
You hit the gnoll.
You kill the gnoll!
The gnoll hits you from afar with a +0 spear.
* * * LOW HITPOINT WARNING * * *
The gnoll hits you from afar with a +0 spear.
You die...

...############
#..rg)@......#
....#########.####
. #......#
#.#.##.# #.#.##.#
#.#.##.# #.#.##.#
####### #......#
#(....# ###.####


You could see a gnoll and a rat.

Vanquished Creatures
  2 gnolls (D:2)
  2 adders (D:2)
  5 ball pythons
  3 endoplasms
  4 giant cockroaches
  2 goblins (D:2)
  5 hobgoblins
  3 kobolds
  4 bats (D:1)
  2 frilled lizards (D:2)
  2 rats
34 creatures vanquished.

Notes
Turn   | Place    | Note
-------+----------+-------------------------------------------
     0 | D:1      | mopl the Demonspawn Fighter began the quest for the Orb.
     0 | D:1      | Reached XP level 1. HP: 18/18 MP: 1/1
   333 | D:1      | Gained mutation: You have large cloven feet. [demonic
                  | ancestry]
   333 | D:1      | Reached XP level 2. HP: 22/24 MP: 2/2
   657 | D:1      | Found a faded altar of an unknown god.
  1001 | D:2      | Reached XP level 3. HP: 27/29 MP: 3/3
  1002 | D:2      | Reached skill level 1 in Dodging
  1247 | D:2      | Slain by a gnoll

Illustrated notes

Levels and vault maps discovered:
D:1:      roderic_octagonal_star, layout_loops_ring,
          chequers_ecumenical_altar_twisty, minivault_14,
          amcnicky_mini_rare_corridor_liquid, kennysheep_boxes
D:2:      layout_loops_cross

Skill      XL: |  1  2  3 |
---------------+----------+-----
Axes           | 2 |  2.7
Armour         | 3 |  3.1
Dodging        | 1 |  1.2
Fighting       | |  3.4
Shields        | |  2.6

Action                     || total
---------------------------++-------
  Melee: War axe           ||    80
         Kick              ||    14
   Stab: Sleeping          ||     1
 Armour: Scale mail        ||    57
  Dodge: Dodged            ||    43
  Block: Buckler           ||    21
